 Dungeon Crawl Stone Soup version 0.30-a0-737-gf23d94013f (webtiles) character file.

Game seed: 3329371858645348185

1768204 iguanaiguana the Trollish Ballista (level 27, 259/259 HPs)
             Began as a Troll Chaos Knight on Jan 31, 2023.
             Was the Champion of Hepliaklqana.
             Escaped with the Orb
             ... and 3 runes on Feb 2, 2023!
             The game lasted 03:32:30 (66332 turns).

iguanaiguana the Trollish Ballista (TrCK)          Turns: 66332, Time: 03:32:31

Health: 259/259    AC: 30    Str: 37    XL:     27
Magic:  29/29      EV: 11    Int: 12    God:    Hepliaklqana [******]
Gold:   3333       SH: 23    Dex: 10    Spells: 26/26 levels left

rFire   + + +      SeeInvis .      - Unarmed
rCold   + . .      Faith    .    R - +6 tower shield {rPois}
rNeg    + . .      Spirit   .    P - +3 gold dragon scales "Yrul" {rPois rF+ rC+ Dex+2}
rPois   +          Reflect  .    V - +2 hat
rElec   +          Harm     .    u - +2 cloak of Boredom {rF++}
rCorr   .          Rampage  .    (gloves unavailable)
Will    +++++      Clarity  +    (boots unavailable) Stlth
                                 r - amulet of the Four Winds {rN+ Will+++ Clar}
HPRegen 1.43/turn                K - +5 ring of evasion
MPRegen 0.21/turn                m - ring of Jealousy {rElec rPois Str+2}

@: studying Staves
A: reduced essence, large, unfitting armour, claws 3, regeneration 1, shaggy fur
1, tough skin 1, beak, clarity, clever 1, deterioration 1, weak 1, subdued magic
1
0: Orb of Zot
}: 3/15 runes: serpentine, barnacled, slimy
a: Renounce Religion, Recall Ancestor, Ancestor Identity, Transference, Idealise


You escaped.
You worshipped Hepliaklqana.
Hepliaklqana was exalted by your worship.
You visited 11 branches of the dungeon, and saw 54 of its levels.
You visited the Abyss 1 time.
You visited 1 bazaar.
You also visited: Bailey and Ice Cave.

You collected 9602 gold pieces.
You spent 6269 gold pieces at shops.

Inventory:

Missiles
 b - 21 large rocks (quivered)
 d - 17 javelins
 g - 4 boomerangs of dispersal
 k - 5 silver javelins
 s - 19 curare-tipped darts
 Y - 10 throwing nets
Armour
 u - the +2 cloak of Boredom (worn) {rF++}
   (You found it on level 2 of the Depths)

   rF:        It greatly protects you from fire.
 P - the +3 gold dragon scales "Yrul" (worn) {rPois rF+ rC+ Dex+2}
   (You acquired it on level 2 of the Crypt)

   Dex:       It affects your dexterity (+2).
   rF:        It protects you from fire.
   rC:        It protects you from cold.
   rPois:     It protects you from poison.
 R - a +6 tower shield of poison resistance (worn)
 V - a +2 hat (worn)
Jewellery
 c - a ring of see invisible
 m - the ring of Jealousy (right claw) {rElec rPois Str+2}
   (You acquired it on level 2 of the Crypt)

   [ring of poison resistance]

   Str:       It affects your strength (+2).
   rElec:     It insulates you from electricity.
   rPois:     It protects you from poison.
 r - the amulet of the Four Winds (around neck) {rN+ Will+++ Clar}
   (You took it off a vampire knight on level 2 of the Depths)

   [amulet of nothing]

   rN:        It protects you from negative energy.
   Clar:      It protects you against confusion.
   Will:      It greatly increases your willpower.
 K - a +5 ring of evasion (left claw)
 X - the ring of Ohohoropais {Ice rN++ Str-4 Dex+4}
   (You found it on level 5 of the Pits of Slime)

   [ring of ice]

   It enhances your ice magic.
   Str:       It affects your strength (-4).
   Dex:       It affects your dexterity (+4).
   rF:        It makes you vulnerable to fire.
   rC:        It protects you from cold.
   rN:        It greatly protects you from negative energy.
Wands
 e - a wand of flame (23)
 E - a wand of acid (10) {@v1}
 I - a wand of roots (1)
 J - a wand of digging (9) {@v3}
 M - a wand of charming (31)
Scrolls
 h - 7 scrolls of summoning
 l - 7 scrolls of immolation
 n - 19 scrolls of teleportation {@r3}
 p - 3 scrolls of magic mapping {@r5}
 O - 7 scrolls of fog
 Q - a scroll of poison
 S - 8 scrolls of torment
 T - 6 scrolls of fear
 U - 10 scrolls of blinking {@r4}
 W - 7 scrolls of vulnerability
 Z - 6 scrolls of silence
Potions
 f - 22 potions of curing {@q1}
 i - 6 potions of mutation
 j - 8 potions of attraction
 v - 5 potions of heal wounds {@q2}
 w - 5 potions of berserk rage
 x - 5 potions of lignification
 z - 2 potions of haste {@q4}
 A - 7 potions of flight
 B - 6 potions of might {@q3}
 C - 5 potions of cancellation
 D - 2 potions of resistance {@q5}
 F - 6 potions of magic
 G - 3 potions of invisibility
 H - 10 potions of brilliance
 N - 7 potions of ambrosia
Miscellaneous
 a - a tin of tremorstones (2/2)
 o - a condenser vane
 q - a box of beasts
 t - a phantom mirror
 y - a lightning rod (4/4)
 L - a phial of floods


   Skills:
 + Level 19.5 Fighting
 O Level 27 Throwing
 - Level 14.0 Armour
 - Level 8.0 Dodging
 - Level 8.8 Stealth
 - Level 15.0 Shields
 - Level 22.2 Unarmed Combat
 - Level 10.0 Invocations
 - Level 7.0 Evocations


You had 26 spell levels left.
You didn't know any spells.
Your spell library contained the following spells:

 Spells                   Type           Power      Damage    Failure   Level
 Apportation              Tloc           0%         N/A       100%        1
 Foxfire                  Conj/Fire      0%         2x1d4     100%        1
 Freeze                   Ice            0%         1d3       100%        1
 Kiss of Death            Conj/Necr      0%         2d5       100%        1
 Magic Dart               Conj           0%         1d3       100%        1
 Necrotise                Necr           0%         1d4       100%        1
 Sandblast                Erth           0%         2d4       100%        1
 Shock                    Conj/Air       0%         1d3       100%        1
 Sting                    Tmut/Pois      0%         1d3       100%        1
 Summon Small Mammal      Summ           0%         N/A       100%        1
 Blink                    Tloc           0%         N/A       100%        2
 Call Imp                 Summ           0%         N/A       100%        2
 Cigotuvi's Dreadful Rot  Necr/Pois/Air  0%         N/A       100%        2
 Ensorcelled Hibernation  Hex/Ice        0%         N/A       100%        2
 Lesser Beckoning         Tloc           0%         N/A       100%        2
 Passwall                 Tmut/Erth      0%         N/A       100%        2
 Poisonous Vapours        Pois/Air       0%         N/A       100%        2
 Sublimation of Blood     Necr           0%         N/A       100%        2
 Call Canine Familiar     Summ           0%         N/A       100%        3
 Dazzling Flash           Conj/Hex       0%         N/A       100%        3
 Frozen Ramparts          Ice            0%         1d1       100%        3
 Gell's Gravitas          Tloc           0%         N/A       100%        3
 Hailstorm                Conj/Ice       0%         3d3       100%        3
 Ignite Poison            Fire/Tmut/Pois 0%         N/A       100%        3
 Inner Flame              Hex/Fire       0%         N/A       100%        3
 Mephitic Cloud           Conj/Pois/Air  0%         N/A       100%        3
 Ozocubu's Armour         Ice            0%         N/A       100%        3
 Portal Projectile        Hex/Tloc       0%         N/A       100%        3
 Spider Form              Tmut/Pois      0%         N/A       100%        3
 Stone Arrow              Conj/Erth      0%         3d7       100%        3
 Teleport Other           Tloc           0%         N/A       100%        3
 Tukima's Dance           Hex            0%         N/A       100%        3
 Vampiric Draining        Necr           0%         2d6       100%        3
 Vhi's Electric Charge    Tloc/Air       0%         N/A       100%        3
 Anguish                  Hex/Necr       0%         N/A       100%        4
 Animate Dead             Necr           0%         N/A       100%        4
 Cause Fear               Hex            0%         N/A       100%        4
 Flame Wave               Conj/Fire      0%         2d4       100%        4
 Ice Form                 Ice/Tmut       0%         N/A       100%        4
 Leda's Liquefaction      Hex/Erth       0%         N/A       100%        4
 Olgreb's Toxic Radiance  Pois           0%         N/A       100%        4
 Passage of Golubria      Tloc           0%         N/A       100%        4
 Petrify                  Tmut/Erth      0%         N/A       100%        4
 Sticky Flame             Conj/Fire      0%         2d3       100%        4
 Summon Ice Beast         Ice/Summ       0%         N/A       100%        4
 Agony                    Necr           0%         N/A       100%        5
 Arcjolt                  Conj/Air       0%         1d10      100%        5
 Blade Hands              Tmut           0%         N/A       100%        5
 Borgnjor's Vile Clutch   Necr/Erth      0%         N/A       100%        5
 Fireball                 Conj/Fire      0%         3d3       100%        5
 Irradiate                Conj/Tmut      0%         3d11      100%        5
 Iskenderun's Battlesphe  Conj           0%         2d6       100%        5
 Lee's Rapid Deconstruct  Erth           0%         3d4*      100%        5
 Silence                  Hex/Air        0%         N/A       100%        5
 Summon Forest            Summ/Tloc      0%         N/A       100%        5
 Yara's Violent Unravell  Hex/Tmut       0%         3d3       100%        5
 Conjure Ball Lightning   Conj/Air       0%         3x3d6     100%        6
 Dispersal                Tloc           0%         N/A       100%        6
 Eringya's Noxious Bog    Tmut/Pois      0%         N/A       100%        6
 Iron Shot                Conj/Erth      0%         9d1       100%        6
 Starburst                Conj/Fire      0%         6d3       100%        6
 Statue Form              Tmut/Erth      0%         N/A       100%        6
 Dragon Form              Tmut           0%         N/A       100%        7
 Enfeeble                 Hex            0%         N/A       100%        7
 Haunt                    Necr/Summ      0%         N/A       100%        7
 Malign Gateway           Summ/Tloc      0%         N/A       100%        7
 Spellforged Servitor     Conj/Summ      0%         N/A       100%        7
 Summon Hydra             Summ           0%         N/A       100%        7
 Discord                  Hex            0%         N/A       100%        8
 Disjunction              Tloc           0%         N/A       100%        8
 Ignition                 Fire           0%         3d3       100%        8
 Infestation              Necr           0%         N/A       100%        8
 Maxwell's Capacitive Co  Air            0%         ∞         100%        8
 Summon Horrible Things   Summ           0%         N/A       100%        8
 Chain Lightning          Conj/Air       0%         N/A       100%        9
 Death's Door             Necr           0%         N/A       100%        9
 Dragon's Call            Summ           0%         N/A       100%        9
 Polar Vortex             Ice            0%         N/A       100%        9


Dungeon Overview and Level Annotations

Branches:
Dungeon (15/15)            Temple (0/1) D:6            Lair (5/5) D:9
 Shoals (4/4) Lair:2        Snake (4/4) Lair:3        Slime (5/5) Lair:5
    Orc (2/2) D:9             Elf (3/3) Orc:2        Vaults (4/5) D:14
  Crypt (3/3) Vaults:2       Tomb (0/3) Crypt:3      Depths (4/4) D:15
    Zot (5/5) Depths:4     Bailey (visited)           IceCv (visited)

Altars:
Ashenzari
Cheibriados
Dithmenos
Elyvilon
Gozag
Hepliaklqana
Kikubaaqudgha
Makhleb
Nemelex Xobeh
Ru
Sif Muna
Uskayaw
Vehumet
Yredelemnul
Zin
The Shining One
Jiyva

Shops:
D:5 *   D:9 [   Orc:1 (*   Orc:2 ?*(:   Elf:2 ?   Elf:3 (   Shoals:3 *[[?(
Snake:2 *   Vaults:1 *   Vaults:2 [[*[?   Depths:1 *[

Portals:
Hell: Depths:1 Depths:2 Depths:3 Depths:4
Abyss: Depths:3 Depths:4
Pandemonium: Orc:2 Depths:1 Depths:2
Ziggurat: Depths:4

Annotations:
D:6 exclusions: 2 electric eels and 3 more exclusions
D:12 1 transporter
Elf:3 1 exclusion
Vaults:4 exclusion: door
Depths:2 1 runed translucent door
Zot:3 1 exclusion
Zot:4 2 exclusions
Zot:5 1 exclusion


Innate Abilities, Weirdness & Mutations

Your life essence is reduced to manifest your ancestor. (-10% HP)
You are too large for most types of armour.
You have claws for hands.
Your natural rate of healing is unusually fast.
You are covered in fur. (AC +1)
You have tough skin. (AC +1)
You have a beak for a mouth.
You possess an exceptional clarity of mind.
Your mind is acute. (Int +4, Str/Dex -1)
Your body sometimes deteriorates upon taking damage.
You are weak. (Str -2)
Your spells are a little easier to cast, but a little less powerful.


Message History

MuDe hits the large abomination with a +0 antimagic quick blade!
The large abomination is destroyed!
There is a stone staircase leading up here.
You climb upwards.
There is a stone staircase leading down, spattered with blood here. a +0 robe; a +2 great sword of protection
There is a stone staircase leading up here.
You climb upwards.
Level annotation: exclusions: 2 electric eels and 3 more exclusions
There is a stone staircase leading down here.
There is a stone staircase leading up here.
You climb upwards.
There is a stone staircase leading down here.
There is an escape hatch in the ceiling here.
A mysterious force pulls you upwards. The hatch slams shut behind you.
There is a stone staircase leading up here.
You climb upwards.
There is a stone staircase leading down here.
There is a stone staircase leading up here.
You climb upwards.
There is a stone staircase leading down here.
There is an escape hatch in the ceiling here.
A mysterious force pulls you upwards. The hatch slams shut behind you.
You see here a +0 dagger.
A green death comes into view.
The green death roars!
Blink to where?
Press: ? - help, Dir - move target
As you read the scroll of blinking {@r4}, it crumbles to dust.
The green death gestures at you. The blast of poison engulfs you. You resist.
Aiming: Dig
Press: ? - help, Shift-Dir - straight line This square is covered in magical glow.
There is a cloud of poison gas here.
The rock shatters into small pieces.
Blink to where?
Press: ? - help, Dir - move target
As you read the scroll of blinking {@r4}, it crumbles to dust.
You have escaped!

#.#.....#......#.#.###
#.......'........#...# ##
#..)##########(..#.### .#
#...#...'....#...#.# .#
#...#...#....#...#.#
.########...#...#....#...#.#
.....##.#'####'##...)#...#.#
........#...#.G#.###'###'#.#
#######.#...#..'@#...#...#.#
#.#.☼○##.###...#...#.#
#.#.☼☼2°.#.....#...#.#
#######.#..○°○.#...#.#...#.#
#.....#.#...☼○.'.....#...#.#
#####.#.##############...#.#
#...#.#........#.........#.#
#.............>#.........#.#
###.#.###.######.........#.#


You could see a green death and a golden eye (wandering).

Vanquished Creatures
  the Royal Jelly (Slime:5)
  2 dread liches
  4 orbs of fire
  Mara (Vaults:2)
  2 ancient liches (Zot:5)
  A juggernaut (Depths:3)
  4 Killer Klowns
  Vashnia (Snake:2)
  2 curse toes
  5 caustic shrikes (Depths:4)
  11 golden dragons
  The ghost of Caat Rau the Warrior, an adept DgCj (Depths:2)
  A bone dragon (Abyss:3)
  2 doom hounds (Zot:3)
  A shard shrike zombie (Crypt:3)
  3 electric golems
  10 tentacled monstrosities
  A walking crystal tome (Depths:4)
  5 liches
  22 Orb Guardians
  Grunn (Zot:3)
  3 deep elf blademasters
  Asterion (Vaults:2)
  7 quicksilver dragons
  A deep elf master archer (Elf:3)
  An Executioner (Depths:1)
  14 acid blobs
  Polyphemus (Shoals:3)
  6 death cobs
  Agnes (Elf:2)
  3 sphinxes
  3 ancient champions
  7 storm dragons
  Kirke (Shoals:1)
  5 shadow dragons
  A tentacled starspawn (Abyss:3)
  10 draconian monks
  The ghost of browni3141 the Brawler, a journeyman TrBe of Trog (Snake:1)
  3 rockslimes
  2 revenants
  4 nagarajas
  3 draconian knights
  Roxanne (Elf:2)
  A fire giant (Depths:3)
  7 azure jellies
  5 frost giants
  Louise (D:14)
  10 draconian scorchers
  An iron dragon (Depths:4)
  3 deep elf sorcerers
  10 vault wardens
  2 ghost moths
  4 deep elf elementalists (Elf:3)
  A caustic shrike zombie (Crypt:3)
  7 ghouls
  4 draconian shifters
  A curse skull (Crypt:1)
  5 draconian stormcallers
  2 war gargoyles
  10 quicksilver oozes
  2 spriggan defenders
  An orc warlord (Vaults:3)
  4 stone giants
  A reaper (Crypt:2)
  10 draconian annihilators
  6 ironbound preservers
  10 very ugly things
  6 ironbound thunderhulks
  22 vampire knights
  Azrael (Snake:2)
  4 deep elf demonologists (Elf:3)
  20 red draconians
  17 white draconians
  9 yellow draconians
  12 black draconians
  12 green draconians
  4 deep elf annihilators
  7 dire elephants
  14 purple draconians
  5 eidola
  9 merfolk impalers
  6 ettins
  5 merfolk javelineers
  8 jiangshi
  10 deep elf death magi
  A spriggan zombie (Crypt:3)
  7 yaktaur captains
  Josephine (Orc:1)
  3 deep elf high priests (Elf:3)
  10 fire dragons
  2 ice dragons (Depths:3)
  10 great orbs of eyes
  2 quicksilver dragon skeletons (Crypt:3)
  2 rakshasas
  Harold (Lair:2)
  2 vault guards
  A fenstrider witch zombie (Crypt:3)
  3 salamander tyrants
  A catoblepas (Lair:5)
  3 hydras
  10 ironbound frosthearts
  2 merfolk avatars
  2 peacekeepers (Vaults:3)
  6 alligator snapping turtles
  2 demonspawn (Orc:2)
  An ogre mage (Vaults:3)
  2 spriggan air magi
  4 merfolk aquamancers
  14 anacondas
  15 centaur warriors
  7 death knights
  An alligator (Snake:2)
  5 boulder beetles
  3 tengu warriors (D:13)
  2 vampire magi
  2 satyrs (Shoals:2)
  A titan zombie (Crypt:1)
  8 deep troll shamans
  11 death yaks
  20 dancing weapons
  2 hell hogs (Depths:2)
  19 naga warriors
  3 deep troll earth magi
  A spriggan berserker (Depths:4)
  7 shock serpents
  2 soul eaters
  8 orc high priests (Orc:2)
  A shock serpent (shapeshifter) (Elf:1)
  22 naga sharpshooters
  12 hell knights
  2 sun demons (Depths:2)
  A storm dragon zombie (Crypt:2)
  12 deep elf knights
  An iron giant zombie (Crypt:3)
  8 iron trolls
  4 salamander mystics
  A bunyip zombie (Crypt:3)
  38 skeletal warriors
  A wretched star (Abyss:3)
  2 sixfirhies
  38 deep trolls
  3 shadow wraiths (Crypt:3)
  13 sea snakes
  2 death drakes (Depths:4)
  A goliath frog (Snake:2)
  6 bog bodies (IceCv)
  7 flayed ghosts
  8 naga ritualists
  10 deep elf archers
  4 glowing orange brains
  5 large abominations
  An obsidian statue (IceCv)
  A lindwurm (shapeshifter) (Elf:2)
  6 wizards
  3 spriggan simulacra
  11 lindwurms
  12 necromancers
  25 phantasmal warriors
  29 ugly things
  15 harpies
  A wolf spider zombie (D:15)
  4 orc sorcerers
  6 cyclopes
  25 deep elf zephyrmancers
  A worldbinder (Abyss:3)
  7 orc knights
  15 mana vipers
  A shadow dragon skeleton (Crypt:1)
  14 ironbound convokers
  4 shining eyes
  28 deep elf pyromancers
  A wolf spider (Crypt:1)
  25 salamanders
  A stone giant zombie (Vaults:3)
  17 manticores
  18 fauns
  15 elephants
  22 moths of wrath
  5 merfolk sirens
  Maurice (D:9)
  A rust devil (Abyss:3)
  37 black mambas
  An apocalypse crab (Abyss:3)
  9 vault sentinels
  5 guardian serpents
  A centaur zombie (D:13)
  2 eyes of devastation
  9 smoke demons
  2 torpor snails (Lair:2)
  2 gargoyles
  18 naga magi
  4 water nymphs
  2 orange demons
  An unseen horror (shapeshifter) (D:14)
  A hellion (Depths:2)
  An unseen horror (D:15)
  33 yaktaurs
  A kobold demonologist (D:11)
  12 cane toads
  4 centaur skeletons
  A shock serpent skeleton (Crypt:1)
  5 anaconda simulacra (IceCv)
  A red draconian skeleton (Crypt:2)
  2 efreet
  A redback zombie (D:13)
  5 rime drakes
  19 freezing wraiths
  5 komodo dragons
  An ancient zyme (Vaults:1)
  A tengu conjurer (D:13)
  23 merfolk
  A golden dragon simulacrum (IceCv)
  2 red devils
  3 polar bears
  A harpy zombie (Crypt:2)
  A black draconian skeleton (Crypt:2)
  A green draconian skeleton (Crypt:1)
  A queen bee (Lair:2)
  3 trolls
  3 hornets
  A mana viper skeleton (Crypt:1)
  2 wind drakes
  10 blink frogs
  A death drake skeleton (Crypt:3)
  4 dream sheep
  A raiju (shapeshifter) (D:10)
  An ettin zombie (Crypt:3)
  75 slime creatures
  8 snapping turtles
  A jumping spider (shapeshifter) (D:14)
  A shadow (D:10)
  An air elemental (Elf:2)
  An ettin skeleton (Vaults:3)
  10 water elementals
  2 small abominations
  17 wraiths
  A vampire (D:13)
  A ynoxinul (Depths:2)
  6 basilisks
  33 yaks
  5 dire elephant simulacra (IceCv)
  2 spriggans
  A black mamba skeleton (Crypt:1)
  3 golden eyes (Slime:5)
  7 wyverns
  A basilisk (shapeshifter) (D:14)
  3 fire elementals (Snake:2)
  6 starcursed masses (Abyss:3)
  A redback (shapeshifter) (Crypt:1)
  A chaos spawn (Crypt:1)
  A steam dragon (D:9)
  A yaktaur simulacrum (Vaults:3)
  4 vampire mosquitoes
  4 neqoxecs
  3 wargs
  2 minotaur simulacra (IceCv)
  47 nagas
  A two-headed ogre zombie (Crypt:3)
  3 harpy simulacra
  3 hell hounds (Snake:2)
  15 water moccasins
  2 naga zombies (Crypt:3)
  Duvessa (D:7)
  2 acid dragons
  3 floating eyes
  A cane toad skeleton (Crypt:2)
  30 orc warriors
  A human zombie (Vaults:3)
  An ettin simulacrum (IceCv)
  3 ice beasts
  2 black bears
  3 boggarts (Vaults:1)
  16 wolves
  11 ogres
  A snapping turtle skeleton (Crypt:2)
  A phantom (Crypt:1)
  A blink frog skeleton (Crypt:1)
  A centaur (D:6)
  A rime drake zombie (Crypt:3)
  2 kobold brigands (D:9)
  7 bullfrogs
  4 necrophages
  2 scorpions (D:4)
  A deep troll simulacrum (IceCv)
  3 earth elementals
  11 wights
  5 hexers
  26 killer bees
  2 lindwurm simulacra (IceCv)
  4 howler monkeys (D:9)
  2 electric eels (Snake:4)
  A quasit (Abyss:3)
  5 jellies
  27 orc priests
  2 hounds
  2 iguanas (D:5)
  7 orc wizards
  A boggart skeleton (Crypt:2)
  2 acid dragon zombies
  A howler monkey zombie (Crypt:2)
  7 adders
  A steam dragon skeleton (Crypt:3)
  2 white imps (D:6)
  3 ufetubi
  An adder skeleton (Crypt:2)
  4 dart slugs
  57 orcs
  7 endoplasms
  3 giant cockroaches
  8 hobgoblins
  8 jackals
  3 quokkas
  8 ball pythons
  A ball python zombie (Crypt:3)
  4 bats
  A frilled lizard (D:2)
  8 goblins
  6 kobolds
  6 rats (D:1)
  A river rat skeleton (Crypt:2)
  A lurking horror (Abyss:3)
2019 creatures vanquished.

Vanquished Creatures (collateral kills)
  Dissolution (Slime:4)
  An orb of fire (Zot:5)
  Saint Roka (Snake:2)
  3 golden dragons (Zot:2)
  A tentacled monstrosity (Depths:4)
  Jorgrun (D:15)
  Rupert (D:15)
  A walking crystal tome (Depths:2)
  2 liches
  4 Orb Guardians (Zot:5)
  A deep elf master archer (Elf:3)
  3 acid blobs
  A death cob (Zot:1)
  2 sphinxes
  Frances (Snake:2)
  2 shadow dragons (Depths:4)
  A storm dragon (Zot:1)
  3 nagarajas (Snake:4)
  A fire giant (Depths:3)
  A draconian monk (Depths:4)
  A draconian scorcher (Zot:2)
  An azure jelly (Slime:5)
  A rockslime (Slime:2)
  4 vault wardens
  The ghost of SirDiesAlot the Arsonist, an adept DsFE of Sif Muna (Shoals:4)
  Aizul (Vaults:4)
  A deep elf elementalist (Elf:3)
  A deep elf sorcerer (Elf:2)
  2 very ugly things
  A spriggan defender (Depths:4)
  3 quicksilver oozes (Slime:4)
  An ironbound preserver (Vaults:3)
  2 reapers
  A draconian annihilator (Zot:3)
  An ironbound thunderhulk (Vaults:3)
  2 vampire knights (Crypt:3)
  2 green draconians (Depths:4)
  A deep elf annihilator (Elf:3)
  A purple draconian (Zot:2)
  A deep elf demonologist (Elf:3)
  3 white draconians
  A black draconian (Depths:4)
  A red draconian (Zot:2)
  3 deep elf death magi
  A crystal guardian (Vaults:3)
  3 jiangshi
  A green death (Crypt:1)
  3 great orbs of eyes
  A merfolk impaler (Shoals:4)
  2 vault guards
  An ice dragon (Depths:4)
  3 hydras
  A salamander tyrant (Snake:4)
  2 ironbound frosthearts
  A spriggan air mage (Depths:2)
  A satyr (Shoals:4)
  2 anacondas
  2 merfolk avatars
  A catoblepas (Shoals:3)
  2 dancing weapons
  2 deep troll shamans
  A boulder beetle (Lair:3)
  A two-headed ogre (D:13)
  An alligator (Snake:2)
  2 death yaks
  A merfolk aquamancer (Shoals:4)
  An alligator snapping turtle (Snake:2)
  2 naga warriors
  A spriggan berserker (Depths:2)
  8 vampire magi
  5 naga sharpshooters
  A shock serpent (Snake:1)
  2 hell knights (Depths:3)
  A shadow wraith (Crypt:1)
  6 deep elf knights
  2 skeletal warriors
  A soul eater (Crypt:2)
  Amaemon (Lair:1)
  A large abomination (D:8)
  6 sea snakes
  2 death drakes (Depths:4)
  A goliath frog (Crypt:1)
  A salamander mystic (Snake:3)
  4 ironbound convokers
  6 deep trolls
  3 naga ritualists
  6 phantasmal warriors
  2 orc knights (Orc:2)
  2 deep elf archers
  9 deep elf zephyrmancers
  4 mana vipers
  2 wizards
  4 deep elf pyromancers
  2 necromancers
  9 harpies
  5 lindwurms
  3 manticores
  2 orc sorcerers
  A shining eye (Slime:5)
  A stone giant zombie (Crypt:1)
  3 salamanders
  3 fauns (Shoals:3)
  A cyclops (Shoals:4)
  5 ugly things
  2 moths of wrath
  10 elephants
  5 black mambas
  A dire elephant zombie (Crypt:3)
  A demonic crawler (Crypt:1)
  2 merfolk sirens
  5 naga magi
  3 guardian serpents
  A water nymph (Shoals:2)
  A cane toad (Lair:5)
  2 rime drakes
  A smoke demon (Depths:2)
  An unseen horror (Crypt:1)
  8 yaktaurs
  An efreet (D:14)
  6 freezing wraiths
  A komodo dragon (Lair:1)
  A golden dragon simulacrum (IceCv)
  A harpy zombie (Crypt:3)
  14 merfolk
  2 wind drakes
  2 hornets
  A troll (D:13)
  Prince Ribbit (D:9)
  A snapping turtle (Shoals:3)
  A blink frog (Lair:5)
  A meliai zombie (Crypt:3)
  22 slime creatures
  2 water elementals
  A spriggan (Depths:2)
  A satyr skeleton (Crypt:3)
  2 wraiths
  A wyvern (D:10)
  2 air elementals (Elf:1)
  2 dire elephant simulacra (IceCv)
  13 yaks
  4 basilisks
  A vampire mosquito (Crypt:1)
  3 golden eyes (Slime:5)
  A neqoxec (Orc:2)
  A chaos spawn (Abyss:3)
  8 nagas
  2 wargs
  A hell hound (Snake:2)
  4 water moccasins
  A black bear (D:5)
  A naga skeleton (Crypt:3)
  9 orc warriors
  An ice beast (D:6)
  4 wolves
  An ogre (Orc:2)
  2 bullfrogs
  A scorpion (Crypt:1)
  A deep troll simulacrum (IceCv)
  2 wights (D:10)
  Dowan (D:7)
  8 killer bees
  A crimson imp (D:8)
  2 orc priests
  4 orc wizards
  A hell rat (Crypt:1)
  An adder (D:5)
  24 orcs
  An endoplasm (D:3)
  A giant cockroach (D:4)
  3 goblins
  3 kobolds
  A quokka (D:5)
  A goblin skeleton (Crypt:3)
445 creatures vanquished.

Vanquished Creatures (others)
  A fire giant (Depths:3)
  A deep elf knight (Elf:2)
  A cyclops (D:15)
  3 slime creatures (D:15)
  A naga (Snake:3)
  83 hexers
  7 demonic plants (D:4)
  27 fungi
  172 plants
  2 starspawn tentacles (Abyss:3)
  5 toadstools (D:7)
303 creatures vanquished.

Grand Total: 2767 creatures vanquished

Notes
Turn   | Place    | Note
-------+----------+-------------------------------------------
     0 | D:1      | iguanaiguana the Troll Chaos Knight began the quest for the
                  | Orb.
     0 | D:1      | Reached XP level 1. HP: 22/22 MP: 0/0
    80 | D:1      | XOM: potion effect (brilliance)
   193 | D:1      | XOM: silly message
   241 | D:1      | Fell from the grace of Xom
   289 | D:1      | Reached XP level 2. HP: 29/29 MP: 1/1
   505 | D:1      | XOM: noise
   535 | D:1      | XOM: draining
   585 | D:1      | XOM: stat loss: -1 Str (30/31)
   871 | D:2      | Found a hazy altar of Hepliaklqana.
   883 | D:2      | Became a worshipper of Hepliaklqana the Forgotten
   928 | D:2      | XOM: draining
  1005 | D:2      | Reached XP level 3. HP: 25/30 MP: 2/2
  1493 | D:3      | Found a hide-covered altar of Uskayaw.
  1493 | D:3      | Found a basalt altar of Yredelemnul.
  1674 | D:3      | Reached * piety under Hepliaklqana
  1743 | D:3      | Reached XP level 4. HP: 35/35 MP: 3/3
  1766 | D:3      | Reached skill level 5 in Unarmed Combat
  2256 | D:3      | Reached skill level 1 in Evocations
  2353 | D:4      | Found an opulent altar of Gozag.
  2438 | D:4      | Reached XP level 5. HP: 45/45 MP: 4/4
  2551 | D:4      | Noticed a black bear
  2560 | D:4      | Killed a black bear
  2652 | D:4      | Reached ** piety under Hepliaklqana
  2653 | D:4      | Remembered your ancestor MuDe as a hexer
  2820 | D:5      | Entered Level 5 of the Dungeon
  2861 | D:5      | Reached XP level 6. HP: 55/55 MP: 5/5
  2929 | D:5      | Found Elocasm's General Store.
  2937 | D:5      | Bought a scroll of identify for 28 gold pieces
  2937 | D:5      | Bought a scroll of poison for 56 gold pieces
  2937 | D:5      | Bought a scroll of teleportation for 42 gold pieces
  3094 | D:5      | Reached skill level 5 in Fighting
  3094 | D:5      | Reached XP level 7. HP: 64/64 MP: 6/6
  3131 | D:5      | Found a glowing golden altar of the Shining One.
  3131 | D:5      | Found a glowing silver altar of Zin.
  3131 | D:5      | Found a white marble altar of Elyvilon.
  3467 | D:6      | Found a staircase to the Ecumenical Temple.
  3654 | D:6      | Reached *** piety under Hepliaklqana
  3764 | D:6      | Reached XP level 8. HP: 62/72 MP: 5/7
  3849 | D:6      | You fall into a shaft and drop 2 floors!
  3877 | D:8      | Noticed a deep elf zephyrmancer
  3882 | D:8      | Killed a deep elf zephyrmancer
  3914 | D:8      | XOM: 2-stop teleportation journey
  3923 | D:8      | Reached skill level 10 in Unarmed Combat
  3924 | D:8      | Reached XP level 9. HP: 79/79 MP: 5/8
  3925 | D:8      | Reached skill level 1 in Throwing
  3929 | D:8      | Reached skill level 2 in Throwing
  3962 | D:8      | Reached skill level 3 in Throwing
  4028 | D:8      | Reached skill level 4 in Throwing
  4047 | D:8      | Found a flagged portal.
  4057 | Bailey   | Entered a bailey
  4178 | Bailey   | XOM: noise
  4185 | Bailey   | Noticed an orc knight
  4186 | Bailey   | Noticed an orc knight
  4194 | Bailey   | Killed an orc knight
  4210 | Bailey   | Killed an orc knight
  4211 | Bailey   | Reached XP level 10. HP: 53/86 MP: 0/9
  4294 | Bailey   | Noticed an orc knight
  4346 | Bailey   | Killed an orc knight
  4586 | D:8      | Found a radiant altar of Vehumet.
  4586 | D:8      | Found a burning altar of Makhleb.
  4793 | D:9      | Reached **** piety under Hepliaklqana
  4840 | D:9      | Found a staircase to the Orcish Mines.
  4855 | D:9      | XOM: 3-stop teleportation journey
  4914 | D:9      | Noticed a rakshasa
  4914 | D:9      | Noticed a white ugly thing
  4916 | D:9      | Noticed a manticore
  4923 | D:9      | Noticed Prince Ribbit
  4929 | D:9      | Killed Prince Ribbit
  4958 | D:7      | Noticed Duvessa
  4958 | D:7      | Noticed Dowan
  4974 | D:8      | XOM: noise
  5010 | D:7      | Killed Duvessa
  5013 | D:7      | Killed Dowan
  5720 | D:6      | Found a sacrificial altar of Ru.
  5782 | D:6      | XOM: noise
  6007 | D:9      | Reached ***** piety under Hepliaklqana
  6199 | D:9      | Found a sparkling altar of Nemelex Xobeh.
  6319 | D:9      | Noticed Maurice
  6335 | D:9      | Killed Maurice
  6349 | D:9      | Found a staircase to the Lair.
  6357 | D:9      | Found Xiedihay's Antique Armour Boutique.
  6377 | D:9      | Bought a cloak for 139 gold pieces
  6667 | D:9      | Reached XP level 11. HP: 71/103 MP: 7/10
  6813 | D:10     | Entered Level 10 of the Dungeon
  7196 | D:10     | Reached skill level 10 in Fighting
  7201 | D:10     | XOM: stat loss: -3 Int (5/8)
  7240 | D:10     | Paralysed by a hornet for 1 turns
  7308 | D:10     | Reached skill level 5 in Throwing
  7464 | D:10     | Reached skill level 6 in Throwing
  7859 | D:11     | Reached skill level 7 in Throwing
  7941 | D:11     | XOM: 1-stop teleportation journey
  8085 | D:12     | Noticed a boulder beetle
  8096 | D:12     | Killed a boulder beetle
  8097 | D:12     | Reached skill level 8 in Throwing
  8097 | D:12     | Reached skill level 1 in Invocations
  8259 | D:12     | Found a transporter.
  8497 | D:12     | Reached XP level 12. HP: 106/113 MP: 12/14
  8608 | D:12     | Found Beottefy's Magic Scroll Shop.
  8616 | D:12     | Bought a scroll of acquirement for 520 gold pieces
  8616 | D:12     | Bought a scroll of blinking for 75 gold pieces
  8616 | D:12     | Bought a scroll of identify for 20 gold pieces
  8616 | D:12     | Bought a scroll of identify for 20 gold pieces
  8616 | D:12     | Bought a scroll of identify for 20 gold pieces
  8616 | D:12     | Acquired 976 gold pieces
  8618 | D:12     | Bought a scroll of summoning for 95 gold pieces
  8618 | D:12     | Bought a scroll of summoning for 95 gold pieces
  8618 | D:12     | Bought a scroll of noise for 10 gold pieces
  8673 | D:12     | Reached skill level 5 in Invocations
  8806 | D:12     | XOM: summons 5 hostile demons
  9111 | Lair:1   | Entered Level 1 of the Lair of Beasts
  9161 | Lair:1   | Reached ****** piety under Hepliaklqana
  9265 | Lair:1   | XOM: summons 3 hostile shadow creatures
  9346 | Lair:1   | XOM: give mutation
  9346 | Lair:1   | Gained mutation: You occasionally shout uncontrollably at
                  | your foes. [Xom's mischief]
  9497 | Lair:1   | XOM: noise
  9497 | Lair:1   | Was forgiven by Xom
  9676 | Lair:1   | Noticed Amaemon
  9687 | Lair:1   | Killed Amaemon
  9688 | Lair:1   | Reached skill level 9 in Throwing
 10131 | Lair:2   | Noticed Harold
 10142 | Lair:2   | Killed Harold
 10225 | Lair:2   | Reached skill level 10 in Throwing
 10368 | Lair:2   | Found the +6 Majin-Bo {spellvamp, MP+6 Int+6}
 10428 | Lair:2   | Reached skill level 11 in Throwing
 10724 | Lair:2   | Found a snail-covered altar of Cheibriados.
 10737 | Lair:2   | Found a staircase to the Shoals.
 10819 | Lair:2   | Reached XP level 13. HP: 106/119 MP: 12/16
 10862 | Lair:2   | Reached skill level 12 in Throwing
 10931 | Lair:2   | Identified the +10 rapier of Iconoclasm {heavy, rC- Int+3
                  | SInv Stlth+}
 11532 | Lair:3   | Found a staircase to the Snake Pit.
 12807 | Lair:4   | Reached skill level 15 in Unarmed Combat
 12835 | Lair:4   | Identified the +3 mace of Greatest Utility {elec, *Corrode
                  | Str+4}
 13129 | Lair:5   | Entered Level 5 of the Lair of Beasts
 13474 | Lair:5   | Reached XP level 14. HP: 128/128 MP: 17/17
 13509 | Lair:5   | Found a staircase to the Slime Pits.
 14320 | Lair:5   | Identified the +1 chain mail "Orruste" {rPois Stlth+}
 14740 | D:9      | Identified the +5 flail "Wynojoab" {holy, *Rage rElec rF+
                  | rC+}
 15127 | D:13     | Found a transporter.
 15129 | D:13     | Found a transporter.
 15157 | D:13     | HP: 6/129 [phantasmal warrior[a death knight] (30)]
 15381 | D:13     | Found a basalt altar of Yredelemnul.
 16241 | D:14     | Identified the +5 short sword "Wageik" {heavy, Drain Dex+5}
 16497 | D:14     | Noticed Louise
 16619 | D:14     | Killed Louise
 16648 | D:14     | Identified the +8 spear of the Sun {antimagic, Drain rCorr
                  | Str+3 Int+2}
 16993 | D:14     | Reached XP level 15. HP: 132/138 MP: 15/18
 17067 | D:14     | Found a gate to the Vaults.
 17177 | D:15     | Entered Level 15 of the Dungeon
 17286 | D:15     | Noticed Jorgrun
 17307 | D:15     | Killed Jorgrun
 17541 | D:15     | Noticed Rupert
 17549 | D:15     | Paralysed by Rupert for 3 turns
 17551 | D:15     | Killed Rupert
 17855 | D:15     | Found a staircase to the Depths.
 18100 | Orc:1    | Entered Level 1 of the Orcish Mines
 18101 | Orc:1    | Found Jaivvy's General Store.
 18201 | Orc:1    | Bought a scroll of enchant armour for 75 gold pieces
 18201 | Orc:1    | Bought a scroll of blinking for 75 gold pieces
 18201 | Orc:1    | Bought 6 stones for 6 gold pieces
 18201 | Orc:1    | Bought a scroll of teleportation for 30 gold pieces
 18380 | Orc:1    | Found Oscheh Hauje's Firing Range.
 18389 | Orc:1    | Bought 6 large rocks for 108 gold pieces
 18389 | Orc:1    | Bought 2 throwing nets for 72 gold pieces
 19117 | Orc:2    | Entered Level 2 of the Orcish Mines
 19117 | Orc:2    | Noticed Josephine
 19123 | Orc:1    | Killed Josephine
 19281 | Orc:2    | Found a staircase to the Elven Halls.
 19442 | Orc:2    | Found Ekoiviesch's Magic Scroll Shop.
 19448 | Orc:2    | Found Fiziul's General Store.
 19522 | Orc:2    | Bought a scroll of blinking for 97 gold pieces
 19524 | Orc:2    | Bought a scroll of acquirement for 520 gold pieces
 19524 | Orc:2    | Acquired a manual of Unarmed Combat
 20211 | Orc:2    | Found Ekhleblomp's Antique Weapon Shoppe.
 20211 | Orc:2    | Found a one-way gate leading to the halls of Pandemonium.
 20211 | Orc:2    | Found Oggyb's Book Emporium.
 20276 | Orc:2    | Bought a potion of curing for 30 gold pieces
 20276 | Orc:2    | Bought a potion of haste for 100 gold pieces
 20276 | Orc:2    | Bought a ring of willpower for 250 gold pieces
 20278 | Orc:2    | Bought a scroll of teleportation for 39 gold pieces
 20278 | Orc:2    | Bought a scroll of enchant armour for 97 gold pieces
 20278 | Orc:2    | Bought a scroll of enchant armour for 97 gold pieces
 20852 | Snake:1  | Entered Level 1 of the Snake Pit
 20856 | Snake:1  | Found a flickering gateway to a bazaar.
 20874 | Bazaar   | Entered a bazaar
 20889 | Bazaar   | Found Recsef's Armour Emporium.
 20911 | Bazaar   | Found Cuyruy's Magic Scroll Shop.
 20922 | Bazaar   | Found Uxupt's Weapon Shoppe.
 20932 | Bazaar   | Found Ucoerchuu's Magic Scroll Shop.
 20940 | Bazaar   | Bought a scroll of blinking for 120 gold pieces
 20940 | Bazaar   | Bought a scroll of teleportation for 48 gold pieces
 20940 | Bazaar   | Bought a scroll of teleportation for 48 gold pieces
 20956 | Bazaar   | Bought a scroll of fog for 28 gold pieces
 21385 | Snake:1  | Reached XP level 16. HP: 150/153 MP: 19/19
 21554 | Snake:1  | Reached skill level 1 in Shields
 22461 | Snake:2  | Found a runed translucent door.
 22461 | Snake:2  | Noticed browni3141's ghost (journeyman TrBe)
 22497 | Snake:1  | Killed browni3141's ghost
 22674 | Snake:2  | Reached skill level 5 in Shields
 22704 | Snake:2  | Noticed Azrael
 22709 | Snake:2  | Killed Azrael
 22764 | Snake:2  | Found a shadowy altar of Dithmenos.
 22822 | Snake:2  | Noticed Frances
 22844 | Snake:2  | Killed Frances
 22850 | Snake:2  | Noticed Saint Roka
 22855 | Snake:2  | Killed Saint Roka
 23004 | Snake:2  | Noticed Vashnia
 23112 | Snake:2  | Found Hijout's General Store.
 23144 | Snake:2  | Bought a scroll of blinking for 127 gold pieces
 23144 | Snake:2  | Bought a scroll of teleportation for 51 gold pieces
 23144 | Snake:2  | Bought a throwing net for 51 gold pieces
 23430 | Snake:2  | Killed Vashnia
 23750 | Snake:2  | Reached skill level 10 in Shields
 24077 | Snake:2  | Reached XP level 17. HP: 161/161 MP: 20/20
 26106 | Snake:4  | Entered Level 4 of the Snake Pit
 26914 | Snake:4  | Reached skill level 15 in Shields
 27180 | Snake:4  | Reached XP level 18. HP: 169/169 MP: 21/21
 27421 | Snake:4  | Reached skill level 1 in Armour
 27545 | Snake:4  | Got a serpentine rune of Zot
 27921 | Shoals:1 | Entered Level 1 of the Shoals
 27965 | Shoals:1 | Reached skill level 5 in Dodging
 28317 | Shoals:1 | Noticed Kirke
 28343 | Shoals:1 | Killed Kirke
 28552 | Shoals:1 | Reached skill level 5 in Armour
 29502 | Shoals:3 | Found Qyexocekk's Antique Weapon Shop.
 29719 | Shoals:3 | Found Baaf's Antique Armour Shoppe.
 29728 | Shoals:3 | Found Ratauma's Armour Boutique.
 29868 | Shoals:3 | Noticed Polyphemus
 29885 | Shoals:3 | Killed Polyphemus
 30043 | Shoals:3 | Found Fankepp's Magic Scroll Shop.
 30083 | Shoals:3 | Bought a scroll of teleportation for 36 gold pieces
 30083 | Shoals:3 | Bought a scroll of enchant armour for 90 gold pieces
 30083 | Shoals:3 | Bought a scroll of blinking for 90 gold pieces
 30083 | Shoals:3 | Bought a scroll of teleportation for 36 gold pieces
 30145 | Shoals:3 | Found Duegis Aru's General Store.
 30302 | Shoals:4 | Entered Level 4 of the Shoals
 30350 | Shoals:4 | Reached XP level 19. HP: 176/176 MP: 22/22
 30677 | Shoals:4 | Identified the +2 broad axe of Patterns {freeze, rN+ Str-5
                  | Int+7}
 30976 | Shoals:4 | Found a large runed translucent door.
 30986 | Shoals:4 | Found a large runed translucent door.
 31309 | Shoals:4 | Got a barnacled rune of Zot
 31525 | Shoals:4 | Noticed SirDiesAlot's ghost (adept DsFE)
 31540 | Shoals:4 | Killed SirDiesAlot's ghost
 31846 | Elf:1    | Entered Level 1 of the Elven Halls
 32225 | Elf:1    | Got the Folio of Momentum
 32396 | Elf:1    | Reached skill level 13 in Throwing
 32818 | Elf:1    | Found a shimmering blue altar of Sif Muna.
 33140 | Elf:2    | Noticed Roxanne
 33165 | Elf:2    | Paralysed by an air elemental for 1 turns
 33196 | Elf:2    | Found a radiant altar of Vehumet.
 33337 | Elf:2    | Reached skill level 14 in Throwing
 33417 | Elf:2    | Found a runed translucent gate.
 33428 | Elf:2    | Found a runed translucent gate.
 33428 | Elf:2    | Found a runed translucent gate.
 33460 | Elf:2    | Found Irrull's Magic Scroll Shoppe.
 33466 | Elf:2    | Bought a scroll of acquirement for 520 gold pieces
 33466 | Elf:2    | Acquired the +1 cloak of Muteygg {rElec Slay-2 Stlth+}
 33942 | Elf:2    | Killed Roxanne
 34162 | Vaults:1 | Entered Level 1 of the Vaults
 34238 | Vaults:1 | Reached XP level 20. HP: 161/187 MP: 16/23
 35292 | Vaults:1 | Reached skill level 15 in Throwing
 36337 | Vaults:1 | Found Kuavvat's Assorted Antiques.
 36558 | Vaults:1 | Reached skill level 15 in Fighting
 36844 | Abyss:3  | Cast into level 3 of the Abyss (a wizard)
 36858 | Abyss:3  | Found a corrupted altar of Lugonu.
 36879 | Abyss:3  | Found a corrupted altar of Lugonu.
 36972 | Abyss:3  | Reached skill level 16 in Throwing
 37145 | Abyss:3  | Noticed a bone dragon
 37157 | Abyss:3  | Killed a bone dragon
 37180 | Abyss:3  | Lost intelligence.
 37185 | Abyss:3  | Noticed a bone dragon
 37189 | Vaults:1 | Escaped the Abyss
 38209 | Vaults:2 | Found Ocwowobbah's Magic Scroll Shoppe.
 38215 | Vaults:2 | Bought a scroll of enchant armour for 112 gold pieces
 38215 | Vaults:2 | Bought a scroll of enchant armour for 112 gold pieces
 38218 | Vaults:2 | Found King's Antique Armour Boutique.
 38229 | Vaults:2 | Bought an embroidered hat for 224 gold pieces
 38409 | Vaults:2 | Noticed Asterion
 38422 | Vaults:2 | Killed Asterion
 38472 | Vaults:2 | Reached skill level 5 in Evocations
 38665 | Vaults:2 | Paralysed by a sphinx for 3 turns
 38742 | Vaults:2 | Noticed Mara
 38759 | Vaults:2 | Noticed iguanaiguana's illusion
 38881 | Vaults:2 | You fall into a shaft and drop 1 floor!
 38984 | Vaults:3 | Paralysed by a sphinx for 2 turns
 39353 | Vaults:3 | Reached XP level 21. HP: 177/196 MP: 21/24
 40238 | Vaults:2 | Found a staircase to the Crypt.
 40238 | Vaults:2 | Found a basalt altar of Yredelemnul.
 40238 | Vaults:2 | Found an ancient bone altar of Kikubaaqudgha.
 40256 | Vaults:2 | Found Zebliovvuu's Armour Boutique.
 40276 | Vaults:2 | Found Tetti's General Store.
 40323 | Vaults:2 | Noticed iguanaiguana's illusion
 40526 | Vaults:2 | Noticed iguanaiguana's illusion
 40910 | Vaults:2 | Killed Mara
 40911 | Vaults:2 | Reached skill level 10 in Invocations
 41268 | Vaults:2 | Found Pinobibu's Armour Shop.
 41983 | Vaults:4 | Noticed Aizul
 42000 | Vaults:4 | Killed Aizul
 42105 | Vaults:4 | Identified the +1 morningstar "Vaboonig" {freeze, *Corrode
                  | rElec Int-4 Stlth+}
 43185 | Elf:2    | Noticed Agnes
 43203 | Elf:2    | Killed Agnes
 43644 | Elf:3    | Entered Level 3 of the Elven Halls
 43679 | Elf:3    | Found Vusycoogg's Antique Weapon Boutique.
 43720 | Elf:3    | Found a frozen archway.
 43731 | IceCv    | Entered an ice cave
 43978 | IceCv    | Found an ancient bone altar of Kikubaaqudgha.
 44007 | IceCv    | Reached XP level 22. HP: 200/201 MP: 23/28
 44207 | IceCv    | Got Nymemit's Discourse on the Charnel Iceberg
 44518 | Elf:3    | Identified the ring "Rotipyeth" {rF+ rC+ Int+3 Dex-4}
 44572 | Elf:3    | Identified the +1 robe of Koalong {+Blink rN+ MP+9}
 44874 | Elf:3    | Identified the amulet of the Gastropod {RegenMP rC+}
 44888 | Elf:3    | Identified the ring "Hurus" {*Corrode rElec Will+ Str+3
                  | Int-5}
 44891 | Elf:3    | Identified the +3 scale mail "Baxejeil" {Dex+5}
 44891 | Elf:3    | Identified the ring "Carrutz" {Ice rElec Dex+2 Stlth+}
 44900 | Elf:3    | Identified the +3 whip of the Scuffed God {elec, rN++}
 45013 | Elf:3    | Identified the +2 ice dragon scales of Inquiry {*Slow rF-
                  | rC++ rN++ Will- Regen+}
 45618 | Vaults:1 | Bought quicksilver dragon scales for 1860 gold pieces
 45752 | Depths:1 | Entered Level 1 of the Depths
 45818 | Depths:1 | Found a white marble altar of Elyvilon.
 45836 | Depths:1 | Reached skill level 1 in Stealth
 45877 | Depths:1 | Found Kutof's Armour Emporium.
 45925 | Depths:1 | Found Oluskud's General Store.
 46128 | Depths:1 | Found a radiant altar of Vehumet.
 46269 | Depths:1 | Found a gateway to Hell.
 46945 | Depths:2 | Reached skill level 5 in Stealth
 47050 | Depths:2 | Identified the +4 demon blade "Vuodyga Tomm" {pain, rC++}
 47240 | Depths:2 | Found a runed translucent door.
 47246 | Depths:2 | Noticed a dread lich
 47246 | Depths:2 | Noticed Caat Rau's ghost (adept DgCj)
 47254 | Depths:2 | Found a runed translucent door.
 47321 | Depths:2 | Found a glowing golden altar of the Shining One.
 48113 | Depths:2 | Killed Caat Rau's ghost
 48120 | Depths:2 | Killed a dread lich
 48205 | Depths:2 | Identified the +2 cloak of Boredom {rF++}
 48605 | Slime:1  | Entered Level 1 of the Pits of Slime
 48743 | Slime:1  | Reached XP level 23. HP: 223/223 MP: 29/29
 50044 | Slime:3  | Reached skill level 17 in Throwing
 50439 | Slime:4  | Noticed Dissolution
 50443 | Slime:4  | Killed Dissolution
 50633 | Slime:5  | Entered Level 5 of the Pits of Slime
 50792 | Slime:5  | Paralysed by a floating eye for 4 turns
 50863 | Slime:5  | Reached skill level 18 in Throwing
 50867 | Slime:5  | Noticed the Royal Jelly
 51052 | Slime:5  | Found a viscous altar of Jiyva.
 51111 | Slime:5  | Killed the Royal Jelly
 51155 | Slime:5  | Gained mutation: You are dopey. (Int -2) [a shining eye]
 51371 | Slime:5  | Identified the ring of Ohohoropais {Ice rN++ Str-4 Dex+4}
 51392 | Slime:5  | Got Sif Muna's Quarto of the Familiar Winter
 51397 | Slime:5  | Identified the +2 dire flail "Rycoeshi" {drain, MP+9 Str+5
                  | Int-3 Stlth+}
 51400 | Slime:5  | Identified the amulet "Fehi Yhi" {Reflect Will+ Int+2 SH+5
                  | Stlth-}
 51451 | Slime:5  | Identified the +0 sling "Koisew" {flame, rElec rPois Str-5
                  | Int+3}
 51458 | Slime:5  | Got a slimy rune of Zot
 51460 | Slime:5  | Got Spellcraft in Simple Steps
 51480 | Slime:5  | Got the Lectures on Friendly Locality
 51487 | Slime:5  | Identified the +1 flail of Shame {freeze, rF+ Dex+3 Stlth+}
 52333 | Depths:3 | Found a one-way gate to the infinite horrors of the Abyss.
 52525 | Depths:3 | Noticed a juggernaut
 52551 | Depths:3 | Killed a juggernaut
 52552 | Depths:3 | Reached skill level 19 in Throwing
 52590 | Depths:3 | Identified the +4 dagger "Watubud" {distort, Str+9 Dex+2}
 52593 | Depths:3 | Identified the +8 great sword of Xakudwis {flame, *Noise
                  | rPois rC+ Str+5}
 53464 | Depths:4 | Entered Level 4 of the Depths
 53465 | Depths:4 | Upgraded the game from 0.30-a0-728-gc68057be0a to
                  | 0.30-a0-737-gf23d94013f
 53534 | Depths:4 | Found a one-way gateway to a ziggurat.
 53554 | Depths:4 | Found a broken altar of Ashenzari.
 53774 | Depths:4 | Reached skill level 20 in Throwing
 54011 | Depths:4 | Identified the +4 hand axe "Ajuz" {heavy, Str+2}
 54011 | Depths:4 | Identified the amulet of Waeran {Faith rF- rN+ Str+4}
 54119 | Depths:4 | Reached XP level 24. HP: 221/221 MP: 29/29
 54379 | Depths:4 | Found a shadowy altar of Dithmenos.
 54780 | Depths:4 | Reached skill level 21 in Throwing
 54935 | Depths:4 | Found a gate to the Realm of Zot.
 55666 | Crypt:1  | Entered Level 1 of the Crypt
 55868 | Crypt:1  | Reached skill level 22 in Throwing
 56237 | Crypt:1  | Found a runed translucent gate.
 56238 | Crypt:1  | Found a runed translucent gate.
 56239 | Crypt:1  | Found a runed translucent gate.
 56415 | Crypt:1  | Identified the +1 crystal plate armour of the Lost Path
                  | {Contam Int+2 Dex+3 SInv}
 57145 | Crypt:2  | Reached skill level 23 in Throwing
 57506 | Crypt:2  | Acquired 963 gold pieces
 57507 | Crypt:2  | Acquired the +3 gold dragon scales "Yrul" {rPois rF+ rC+
                  | Dex+2}
 57523 | Crypt:2  | Acquired the ring of Jealousy {rElec rPois Str+2}
 57567 | Crypt:3  | Entered Level 3 of the Crypt
 57720 | Crypt:3  | Reached XP level 25. HP: 239/239 MP: 29/29
 57892 | Crypt:3  | Found a staircase to the Tomb.
 58318 | Crypt:3  | Reached skill level 24 in Throwing
 58440 | Crypt:3  | Found an ancient bone altar of Kikubaaqudgha.
 58569 | Crypt:3  | Got the Discursus on Corpses
 59288 | Zot:1    | Entered Level 1 of the Realm of Zot
 59523 | Zot:1    | Reached skill level 25 in Throwing
 59860 | Zot:1    | Reached XP level 26. HP: 247/247 MP: 29/29
 60540 | Zot:2    | Reached skill level 26 in Throwing
 60764 | Zot:2    | Identified the +1 robe of Minor Irritation {Harm Drain
                  | +Blink rCorr Int+4}
 60792 | Zot:2    | Identified the +3 short sword of Darkness {spect, rF- Dex+6
                  | SInv Stlth+}
 60793 | Zot:2    | Identified the +1 leather armour of Oniefue {rElec rCorr
                  | Str-2 Dex-2}
 61587 | Zot:3    | Reached XP level 27. HP: 255/255 MP: 29/29
 61592 | Zot:3    | Noticed Grunn
 61607 | Zot:3    | Killed Grunn
 61939 | Zot:3    | Reached skill level 27 in Throwing
 62757 | Zot:4    | Reached skill level 10 in Armour
 63471 | Zot:5    | Entered Level 5 of the Realm of Zot
 63564 | Zot:5    | Identified the +1 robe of the Wasteland {Int+2}
 64147 | Zot:5    | Noticed an orb of fire
 64148 | Zot:5    | Noticed a dread lich
 64152 | Zot:5    | Noticed an orb of fire
 64155 | Zot:5    | Noticed an orb of fire
 64158 | Zot:5    | Noticed an orb of fire
 64169 | Zot:5    | Noticed an orb of fire
 64171 | Zot:5    | Gained mutation: You occasionally lose the ability to drink
                  | potions when taking damage. [an orb of fire]
 64176 | Zot:5    | Gained mutation: You are partially covered in iridescent
                  | scales. (AC +2) [an orb of fire]
 64178 | Zot:5    | Killed an orb of fire
 64185 | Zot:4    | Gained mutation: Armour fits poorly on your strangely
                  | shaped body. [an orb of fire]
 64189 | Zot:4    | Killed an orb of fire
 64197 | Zot:4    | Killed a dread lich
 64211 | Zot:4    | Lost mutation: You occasionally shout uncontrollably at
                  | your foes. [potion of mutation]
 64211 | Zot:4    | Lost mutation: You are partially covered in iridescent
                  | scales. (AC +2) [potion of mutation]
 64211 | Zot:4    | Gained mutation: You are agile. (Dex +4, Str/Int -1)
                  | [potion of mutation]
 64211 | Zot:4    | Gained mutation: Your body sometimes deteriorates upon
                  | taking damage. [potion of mutation]
 64211 | Zot:4    | Gained mutation: You are partially covered in iridescent
                  | scales. (AC +2) [potion of mutation]
 64212 | Zot:4    | Lost mutation: You occasionally lose the ability to drink
                  | potions when taking damage. [potion of mutation]
 64212 | Zot:4    | Lost mutation: You are partially covered in iridescent
                  | scales. (AC +2) [potion of mutation]
 64212 | Zot:4    | Gained mutation: You possess an exceptional clarity of
                  | mind. [potion of mutation]
 64212 | Zot:4    | Gained mutation: You passively dampen the noise of your
                  | surroundings. [potion of mutation]
 64213 | Zot:4    | Lost mutation: You are agile. (Dex +4, Str/Int -1) [potion
                  | of mutation]
 64213 | Zot:4    | Lost mutation: Your body sometimes deteriorates upon taking
                  | damage. [potion of mutation]
 64213 | Zot:4    | Lost mutation: You passively dampen the noise of your
                  | surroundings. [potion of mutation]
 64214 | Zot:4    | Lost mutation: You are dopey. (Int -2) [potion of mutation]
 64214 | Zot:4    | Lost mutation: Armour fits poorly on your strangely shaped
                  | body. [potion of mutation]
 64214 | Zot:4    | Gained mutation: Your body sometimes deteriorates upon
                  | taking damage. [potion of mutation]
 64214 | Zot:4    | Gained mutation: You have a beak for a mouth. [potion of
                  | mutation]
 64214 | Zot:4    | Gained mutation: Your mind is acute. (Int +4, Str/Dex -1)
                  | [potion of mutation]
 64303 | Zot:5    | Killed an orb of fire
 64309 | Zot:5    | Gained mutation: Your spells are a little easier to cast,
                  | but a little less powerful. [an orb of fire]
 64311 | Zot:5    | Gained mutation: You are weak. (Str -2) [an orb of fire]
 64319 | Zot:5    | Killed an orb of fire
 64392 | Zot:5    | Killed an orb of fire
 64868 | Zot:5    | Noticed an ancient lich
 64882 | Zot:5    | Killed an ancient lich
 65230 | Zot:5    | Noticed an ancient lich
 65232 | Zot:5    | Killed an ancient lich
 65645 | Zot:5    | Got the Orb of Zot
 65927 | Depths:3 | Noticed Juisiyk the pandemonium lord
 66332 | D:$      | Escaped with the Orb!

Illustrated notes

Levels and vault maps discovered:
D:1:      minmay_arrival_widening_spiral_wide, layout_basic,
          amcnicky_mini_rare_corridor_liquid, chequers_serial_rivers_large_a
D:2:      layout_loops_ring, serial_glass, glass_columns_a, glass_columns_a,
          basic_altar
D:3:      minmay_diamond_boxcup, layout_basic,
          chequers_temple_overflow_statue_of_worship
D:4:      layout_rooms, grunt_gozag_breadcrumbs, dreamdust_princess_corridor,
          nicolae_concentric_dashed_squares_mild
D:5:      layout_basic, good_gods_mini_temple, serial_shops, shop
D:6:      layout_basic, kennysheep_mini_moat, minmay_temple_entry_slanted,
          serial_bayou, serial_bayou_pond_c, serial_bayou_pond_a,
          serial_bayou_pond_e, serial_bayou_pond_c
D:7:      layout_rooms, minmay_gold_behind_fungi, uniq_duvessa
D:8:      layout_rooms, grunt_temple_overflow_lords_of_destruction,
          enter_bailey_2, guppyfry_early_elven_hall
D:9:      layout_stronghold, mainiacjoe_overflow_alcove_4, orc_0_dummy,
          serial_shops, nicolae_shop_trees, minivault_24,
          hangedman_decor_slide_cut, chequers_arboretum,
          onia_ninara_dug_in_and_dangerous, uniq_maurice, uniq_prince_ribbit1
D:10:     layout_irregular_city, kennysheep_generic_room_7
D:11:     layout_basic
D:12:     layout_loops_cross, serial_shops, nicolae_shop_crystal,
          nicolae_diode_basic
D:13:     gammafunk_boulding_lane, layout_rooms, lemuel_zombie_altar_yredelemnul
D:14:     kennysheep_blocky_hall, layout_basic, david_vaults_4, uniq_louise
D:15:     grunt_enter_depths_magical_seal, layout_basic, uniq_jorgrun,
          uniq_rupert
Lair:1:   layout_regular_city, lemuel_fruit_tree, uniq_amaemon
Lair:2:   regret_index_bee_streams, layout_long_grid, shoals_dummy_entry,
          kennysheep_snail_temple, uniq_harold
Lair:3:   layout_regular_city, minmay_snake_entry_six_corridors
Lair:4:   layout_cave_pods, serial_bayou_pond_b, grunt_megastairs_4,
          infiniplex_staircase_pool
Lair:5:   grunt_lair_end_beastmaster, layout_cave_pods,
          nicolae_slime_entry_slimehenge
Shoals:1: layout_shoals, nicolae_shoals_arrival_archipelago, uniq_kirke
Shoals:2: layout_shoals
Shoals:3: layout_shoals, serial_shops, nicolae_shop_hallway_plus,
          nicolae_shop_stone, shop, shop, nicolae_lakefront_shop,
          nzn_prometheus_bound, uniq_polyphemus
Shoals:4: shoals_end_grunt_ice, layout_shoals, ebering_ghost_disaster_area
Snake:1:  nicolae_snake_hallway, layout_chambers, serial_shops, bzr_entry_dummy
Snake:2:  layout_layer_cave, basic_altar, hellmonk_ghost_happy_afterlife,
          serial_shops, shop, nicolae_snake_herptile_family_reunion,
          uniq_vashnia, uniq_azrael, uniq_frances, uniq_saint_roka
Snake:3:  layout_basic
Snake:4:  grunt_snake_rune_serpentine_throne, layout_misc_corridors,
          serial_bayou, serial_bayou_pond_a, serial_bayou_lake_a,
          serial_bayou_shore_b, serial_bayou_pond_d
Slime:1:  layout_caves
Slime:2:  cheibrodos_slime_lost_civilization_1, layout_caves
Slime:3:  layout_caves
Slime:4:  cheibrodos_slime_lost_civilization_2, layout_caves, uniq_dissolution
Slime:5
Orc:1:    layout_caves, serial_shops, nicolae_diamond_shop,
          nicolae_shop_firing_range
Orc:2:    pf_orc_diabolical, layout_caves, nicolae_orc_damp_corner,
          uniq_josephine
Elf:1:    minmay_elf_arrival_circle, layout_onion_city, minmay_elf_annihilation,
          david_defended_altar_elf
Elf:2:    elven_hall_of_blades_hangedman_original [nicolae_blade_tridents],
          layout_loops_cross, serial_shops,
          nicolae_shop_temple_entry_statues_fountains, basic_altar, uniq_agnes,
          uniq_roxanne
Elf:3:    grunt_elf_hall_spiral, layout_geoelf_diagonals,
          portal_ice_cave_entry_pillars_2, serial_shops, shop
Vaults:1: nicolae_vaults_yaktaur_gun_rack, v_rooms_2, nicolae_vaults_big_ls,
          v_misc_9, nicolae_vaults_little_squares_2,
          nicolae_vaults_twisting_passages, vaults_room_pool, v_misc_27,
          vaults_room_hallway, ontoclasm_vaults_twist, layout_vaults_ring,
          serial_shops, shop
Vaults:2: minmay_crypt_entry_necro_gods, nicolae_vaults_angled_halls, v_misc_14,
          nicolae_vaults_triangles, vaults_mumra_hex, vaults_room_pool,
          ontoclasm_vaults_gateway, vaults_room_door_ring,
          vaults_room_semicircle, layout_vaults_omnigrid, serial_shops,
          nicolae_shop_trees, shop, shop, shop, nicolae_shop_behind_doors,
          uniq_mara, uniq_asterion
Vaults:3: nicolae_vaults_little_squares_4, v_rooms_1, hangedman_vaults_snaps,
          hangedman_vaults_variations, hangedman_vaults_restitches,
          hangedman_vaults_nails, vaults_mumra_minichess,
          ontoclasm_vaults_fault, st_smaller_cells, vaults_dpeg_emergency_exit,
          layout_vaults_maze
Vaults:4: v_misc_1, vaults_standard_mumra_x,
          hangedman_vaults_stretched_pinwheel, hangedman_vaults_hat,
          v_alt_pattern_6, v_rooms_3, vaults_room_fours,
          layout_vaults_chaotic_city, uniq_mennas, uniq_aizul
Crypt:1:  layout_gridlike, grunt_ministairs_10, pandoras_box_mu
Crypt:2:  layout_chaotic_city
Crypt:3:  church_of_pain_bobbens, layout_chaotic_city
Depths:1: layout_basic, grunt_hell_entry_dis_old, elyvilon_altar_5,
          rand_demon_pan_entry_3, hex_tiny, nicolae_vehumet_radiance,
          serial_bayou_shore_b, minmay_shoptagon
Depths:2: kennysheep_big_flooded_room, layout_gridlike, rand_demon_pan_entry_7,
          hellmouth_3, muffindrake_ghost_dual_entry, tso_metal_star,
          nrook_uturn, infiniplex_staircase_zigzag_3
Depths:3: minmay_the_grid_plus_closed [minmay_the_grid_diamond_grid,
          minmay_the_grid_mess, minmay_the_grid_all_tris, minmay_the_grid_fan,
          minmay_the_grid_prize_diamond_cup], layout_cave_shapes, abyss_entry,
          hell_entry, serial_sigils_hangedman_gut, infiniplex_staircase_zigzag_4
Depths:4: lemuel_castle_with_subvaults [lemuel_castle_interior_carwin_2],
          layout_gridlike, enter_ziggurat_a, hell_entry,
          hangedman_abyss_entry_splay, nicolae_dithmenos_shadow_blocks,
          ashenzari_altar_1
Zot:1:    layout_onion_interference
Zot:2:    layout_misc_corridors, kennysheep_underground_church
Zot:3:    layout_gridlike, st_grand_hoard_of_tiamat, lemuel_elevator,
          grunt_megastairs_1, uniq_grunn
Zot:4:    layout_onion_interference
Zot:5:    layout_basic, skrybe_zot_glass_3

Skill      XL: |  1  2  3  4  5  6  7  8  9 10 11 12 13 14 15 16 17 18 19 20 21 22 23 24 25 26 27 |
---------------+----------------------------------------------------------------------------------+-----
Unarmed Combat | 4 5 7 10 12 15 18 20 21 22 | 22.2
Evocations     | 1 2 7 |  7.0
Fighting       | 3 5 9 10 11 13 14 15 17 18 19 | 19.5
Dodging        | 4 7 8 |  8.0
Throwing       | 4 8 11 12 14 16 20 23 25 26 27 | 27.0
Invocations    | 4 6 10 | 10.0
Shields        | 10 15 | 15.0
Armour         | 7 8 14 | 14.0
Stealth        | 8 |  8.8

Action                     |  1- 3 |  4- 6 |  7- 9 | 10-12 | 13-15 | 16-18 | 19-21 | 22-24 | 25-27 || total
---------------------------+-------+-------+-------+-------+-------+-------+-------+-------+-------++-------
  Melee: Unarmed           |    91 |    98 |   135 |   516 |   716 |   919 |  1139 |  1081 |   729 ||  5424
         Punch             |     1 |     1 |     6 |    33 |    71 |     4 |       |       |       ||   116
         Flail             |       |       |       |       |       |       |    10 |     3 |       ||    13
         Peck              |       |       |       |       |       |       |       |       |    17 ||    17
  Throw: Boomerang         |       |     3 |       |       |   232 |   219 |   306 |   239 |    95 ||  1094
         Dart              |       |       |       |     2 |     8 |     4 |     1 |     1 |       ||    16
         Javelin           |       |       |       |       |    16 |    15 |    11 |    14 |    22 ||    78
         Large rock        |       |       |       |       |    30 |   181 |    39 |   222 |   268 ||   740
         Throwing net      |       |       |       |       |     1 |     2 |     2 |     1 |       ||     6
 Invoke: Renounce Religion |     1 |       |       |       |       |       |       |       |       ||     1
         Ancestor Life: He |       |     1 |       |       |       |       |       |       |       ||     1
         Recall Ancestor   |       |     2 |     5 |     3 |    12 |    14 |    13 |    11 |    10 ||    70
         Ancestor Identity |       |       |     1 |       |       |       |       |       |       ||     1
         Transference      |       |       |       |       |     1 |       |       |       |       ||     1
         Idealise          |       |       |       |       |       |       |     4 |     3 |       ||     7
  Evoke: Phantom mirror    |       |     1 |     1 |     1 |     3 |     2 |     2 |     1 |     1 ||    12
         Wand              |       |       |       |     5 |    16 |     1 |     5 |     6 |     2 ||    35
         Lightning rod     |       |       |       |       |       |       |     4 |       |       ||     4
         Condenser vane    |       |       |       |       |       |       |       |     4 |     1 ||     5
         Box of beasts     |       |       |       |       |       |       |       |     2 |     1 ||     3
    Use: Scroll            |       |     9 |     4 |    14 |    18 |     6 |    10 |    14 |    15 ||    90
         Potion            |       |     2 |     6 |       |     3 |       |     6 |     3 |    12 ||    32
   Stab: Sleeping          |     1 |     1 |       |     1 |       |       |     1 |     4 |       ||     8
         Confused          |       |       |     2 |     6 |    15 |    13 |    50 |    43 |    34 ||   163
         Distracted        |       |       |       |     7 |     8 |    10 |     9 |     9 |    13 ||    56
         Petrified         |       |       |       |       |     4 |       |       |       |       ||     4
         Paralysed         |       |       |       |       |    16 |    46 |    89 |    75 |    39 ||   265
         Held in net/web   |       |       |       |       |       |     1 |     1 |       |       ||     2
 Armour: Robe              |    42 |    38 |    56 |    48 |       |       |       |       |       ||   184
         Skin              |       |       |    20 |       |       |       |       |       |       ||    20
         Troll leather arm |       |       |       |    79 |   294 |   248 |   195 |    17 |       ||   833
         Quicksilver drago |       |       |       |       |       |       |       |   151 |       ||   151
         Gold dragon scale |       |       |       |       |       |       |       |   109 |   220 ||   329
  Dodge: Dodged            |    43 |    53 |    78 |   331 |   535 |   341 |   295 |   210 |   111 ||  1997
  Block: Tower shield      |       |       |       |       |       |   852 |   807 |   818 |   482 ||  2959

Table legend: (Time is in decaauts)
 A = Elapsed time spent in this place.
 B = Non-inter-level travel time spent in this place.
 C = Inter-level travel time spent in this place.
 D = Time resting spent in this place.
 E = Time spent auto-exploring this place.
 F = Levels seen in this place.
 G = Mean time per level.
                   A        B        C        D        E       F      G
               +--------+--------+--------+--------+--------+-----+--------+
         Total |  65335 |  55147 |  10188 |   4108 |  35578 |  58 | 1126.5 |
       Dungeon |  15280 |  10783 |   4497 |    395 |   8096 |  15 | 1018.7 |
          Lair |   6809 |   5115 |   1694 |    239 |   3687 |   5 | 1361.8 |
        Shoals |   3900 |   3411 |    489 |    246 |   1929 |   4 |  975.0 |
     Snake Pit |   7165 |   6603 |    562 |    621 |   3850 |   4 | 1791.2 |
    Slime Pits |   2964 |   2673 |    291 |    208 |   1711 |   5 |  592.8 |
  Orcish Mines |   1935 |   1598 |    337 |    178 |    978 |   2 |  967.5 |
   Elven Halls |   3782 |   3482 |    300 |    205 |   2050 |   3 | 1260.7 |
        Vaults |   6548 |   5887 |    661 |    821 |   3697 |   4 | 1637.0 |
         Crypt |   3002 |   2900 |    102 |    194 |   1681 |   3 | 1000.7 |
        Depths |   6468 |   5732 |    736 |    368 |   3973 |   4 | 1617.0 |
           Zot |   6192 |   5677 |    515 |    479 |   3712 |   5 | 1238.4 |
         Abyss |    303 |    303 |      0 |     36 |      0 |   1 |  303.0 |
        Bazaar |     88 |     88 |      0 |      0 |     65 |   1 |   88.0 |
        Bailey |    322 |    322 |      0 |     48 |      0 |   1 |  322.0 |
      Ice Cave |    570 |    570 |      0 |     68 |    148 |   1 |  570.0 |
               +--------+--------+--------+--------+--------+-----+--------+

Top non-repeatable levels by time:
 Snake:2: 2766 daAuts
Vaults:1: 2194 daAuts
Depths:4: 2114 daAuts
  Lair:1: 1873 daAuts
   Zot:5: 1858 daAuts
     D:9: 1804 daAuts
Vaults:2: 1804 daAuts
 Snake:1: 1803 daAuts
    D:12: 1768 daAuts
Depths:2: 1766 daAuts
    D:10: 1718 daAuts
    D:14: 1655 daAuts
   Elf:2: 1546 daAuts
 Snake:4: 1504 daAuts
   Zot:3: 1489 daAuts
